 Dungeon Crawl Stone Soup version 0.31-a0-516-gfcb59812bd (webtiles) character file.

Game seed: 12955574228756767977

11 Ethylacetat the Ducker (level 2, 17/17 HPs)
             Began as an Octopode Gladiator on Aug 10, 2023.
             Was a Follower of Hepliaklqana.
             Quit the game on level 1 of the Dungeon.
             The game lasted 00:01:01 (801 turns).

Ethylacetat the Ducker (Octopode Gladiator)          Turns: 801, Time: 00:01:01

Health: 17/17      AC:  1    Str: 19    XL:     2   Next: 25%
Magic:  2/2        EV: 14    Int: 10    God:    Hepliaklqana [*.....]
Gold:   51         SH:  0    Dex: 13    Spells: 1/1 levels left

rFire   . . .        a - +0 long sword
rCold   . . .        (no shield)
rNeg    . . .        b - +0 hat
rPois   .            (no amulet)
rElec   .            h - +6 ring of strength
rCorr   .            (no ring)
SInv    .            (no ring)
Will    .....        (no ring)
Stlth   ++++         (no ring)
HPRegen 0.22/turn    (no ring)
MPRegen 0.08/turn    (no ring)
                     (no ring)

%: no passive effects
@: no status effects
A: reduced essence, almost no armour, amphibious, 8 rings, camouflage 1,
gelatinous body 1, nimble swimmer 1, tentacles
a: Renounce Religion, Recall Ancestor, Ancestor Identity


You were on level 1 of the Dungeon.
You worshipped Hepliaklqana.
Hepliaklqana was aware of your devotion.
You visited 1 branch of the dungeon, and saw 1 of its levels.

You collected 51 gold pieces.

Inventory:

Hand Weapons
 a - a +0 long sword (weapon)
Missiles
 c - 3 throwing nets (quivered)
 d - a javelin
Armour
 b - a +0 hat (worn)
Jewellery
 h - a +6 ring of strength (left tentacle)
Scrolls
 e - 2 scrolls of teleportation {unknown}
 g - 2 scrolls of enchant weapon {unknown}
 j - a scroll of vulnerability {unknown}
Potions
 f - a potion of cancellation {unknown}
 i - a potion of might {unknown}


   Skills:
 + Level 2.2 Fighting
 + Level 3.1 Long Blades
 - Level 2.0 Throwing
 + Level 3.2 Dodging
 + Level 1.0 Stealth


You had one spell level left.
You didn't know any spells.
Your spell library contained the following spells:

 Spells                   Type           Power      Damage    Failure   Level
 Call Canine Familiar     Summ           0%         N/A       75%         3
 Portal Projectile        Hex/Tloc       0%         N/A       75%         3
 Leda's Liquefaction      Hex/Erth       0%         N/A       98%         4


Dungeon Overview and Level Annotations

Branches:
Dungeon (1/15)

Altars:
Hepliaklqana


Innate Abilities, Weirdness & Mutations

Your life essence is reduced to manifest your ancestor. (-10% HP)
You cannot wear most types of armour.
You are amphibious.
You can wear up to eight rings at the same time.
Your skin changes colour to match your surroundings (Stealth+).
Your rubbery body absorbs attacks. (AC +1, EV +1)
You are camouflaged when in or above water. (Stealth+)
You have tentacles for arms and can constrict up to eight enemies at once.


Message History

You hit the hobgoblin.
You kill the hobgoblin!
Found 2 stones.
You see here a hobgoblin corpse.
Found a cloak.
No target in view!
You see here 2 stones.
You see here a +0 cloak.
Found a robe.
No target in view!
You see here a +0 robe.
Key pressed, stopping explore.
No target in view!
No target in view!
You open the door.
Found a stone staircase leading down.
No target in view!
No target in view!
There is an open door here.
There is a stone staircase leading down here.
Found an escape hatch in the floor.
There is an escape hatch in the floor here.
Key pressed, stopping explore.
No target in view!
You swap places.
There is an escape hatch in the floor here.
Key pressed, stopping explore.
No target in view!
You enter the deep water.
Done exploring.
No target in view!
Done exploring.
No target in view!
Done exploring.
No target in view!
Done exploring.
No target in view!
Done exploring.
Unknown command.
Are you sure you want to abandon this character and quit the game? (Confirm with "yes".)

#################
.........>......#
######..........#
.....R..........#
.#####..........#
.#######..####.##
.#.............#
.#..################
.#..# ♣♣♣@≈≈♣ .#..#
♣♣≈R≈≈♣♣ .#..#
♣♣≈≈≈≈♣♣
.#..##♣♣♣♣♣♣≈≈≈♣♣♣♣♣♣♣
.#.........≈≈≈≈.....>♣
...........≈≈≈.......♣
...........≈≈≈.......♣
##........≈≈≈≈.......♣
#........[..........♣


You could see the friendly pepe the ancestor.

Vanquished Creatures
  2 endoplasms (D:1)
  A goblin (D:1)
  2 hobgoblins (D:1)
  3 bats (D:1)
  3 rats (D:1)
11 creatures vanquished.

Notes
Turn   | Place    | Note
-------+----------+-------------------------------------------
     0 | D:1      | Ethylacetat the Octopode Gladiator began the quest for the
                  | Orb.
     0 | D:1      | Reached XP level 1. HP: 14/14 MP: 1/1
   127 | D:1      | Found a faded altar of an unknown god.
   211 | D:1      | Prayed at the altar of an unknown god.
   211 | D:1      | Became a worshipper of Hepliaklqana the Forgotten
   211 | D:1      | Reached * piety under Hepliaklqana
   327 | D:1      | Reached XP level 2. HP: 16/17 MP: 2/2
   373 | D:1      | Reached skill level 1 in Stealth
   801 | D:1      | Quit the game

Illustrated notes

Levels and vault maps discovered:
D:1:      lemuel_arrival_river_bridge, layout_basic,
          dreamdust_ecumenical_altar_grove, minmay_misc_feat_pillars,
          grunt_decor_junction, kennysheep_small_spiral

Skill      XL: |  1  2 |
---------------+-------+-----
Stealth        | 1 |  1.0
Fighting       | |  2.2
Long Blades    | |  3.1
Throwing       | |  2.0
Dodging        | |  3.2

Action                     || total
---------------------------++-------
  Melee: Long sword        ||    19
         Constrict         ||     5
         Tentacles         ||     2
         Punch             ||     1
 Invoke: Ancestor Identity ||     1
   Stab: Sleeping          ||     7
 Armour: Skin              ||     3
  Dodge: Dodged            ||     4

Table legend: (Time is in decaauts)
 A = Elapsed time spent in this place.
 B = Non-inter-level travel time spent in this place.
 C = Inter-level travel time spent in this place.
 D = Time resting spent in this place.
 E = Time spent auto-exploring this place.
 F = Levels seen in this place.
 G = Mean time per level.
                   A        B        C        D        E       F      G
               +--------+--------+--------+--------+--------+-----+--------+
         Total |    805 |    787 |     18 |      0 |    695 |   1 |  805.0 |
       Dungeon |    805 |    787 |     18 |      0 |    695 |   1 |  805.0 |
               +--------+--------+--------+--------+--------+-----+--------+

Top non-repeatable levels by time:
     D:1: 805 daAuts
